 Dungeon Crawl Stone Soup version 0.29-a0-613-gf2c431b9b9 (webtiles) character file.

Game seed: 1225736988210602236

8 Hubjo the Insei (level 2, 0/21 HPs)
             Began as a Demonspawn Transmuter on June 16, 2022.
             Slain by a kobold
             ... wielding a +1 dagger of protection
              (2 damage)
             ... on level 1 of the Dungeon.
             The game lasted 00:00:19 (326 turns).

Hubjo the Insei (Demonspawn Transmuter)              Turns: 326, Time: 00:00:21

Health: 0/21       AC:  2    Str: 10    XL:     2   Next: 0%
Magic:  5/5        EV: 12    Int: 14    God:
Gold:   31         SH:  0    Dex: 13    Spells: 4/5 levels left

rFire   . . .      SeeInvis .     - Unarmed
rCold   . . .      Faith    .   (no shield)
rNeg    . . .      Spirit   .   a - +0 robe
rPois   .          Reflect  .   (helmet restricted)
rElec   .          Harm     .   (no cloak)
rCorr   .          Rampage  .   (no gloves)
Will    .....                   (no boots)
Stlth   +.........              (no amulet)
HPRegen 0.07/turn               (no ring)
MPRegen 0.09/turn               (no ring)

@: no status effects
A: antennae 1
a: no special abilities


You were on level 1 of the Dungeon.
You visited 1 branch of the dungeon, and saw 1 of its levels.

You collected 31 gold pieces.

Inventory:

Armour
 a - a +0 robe (worn)
Potions
 b - a potion of lignification
 c - a potion of brilliance {unknown}


   Skills:
 * Level 1.4 Fighting
 - Level 1.7 Dodging
 + Level 0.3 Stealth
 + Level 2.8 Unarmed Combat
 + Level 2.0 Spellcasting
 + Level 1.9 Transmutations


You had 4 spell levels left.
You knew the following spells:

 Your Spells              Type           Power      Damage    Failure   Level
a - Beastly Appendage     Tmut           12%        N/A       11%         1

Your spell library contained the following spells:

 Spells                   Type           Power      Damage    Failure   Level
 Wereblood                Tmut           6%         N/A       16%         2
 Spider Form              Tmut/Pois      4%         N/A       43%         3
 Ice Form                 Ice/Tmut       4%         N/A       85%         4


Dungeon Overview and Level Annotations

Branches:
Dungeon (1/15)

Altars:


Innate Abilities, Weirdness & Mutations

You have a pair of small antennae on your head.


Message History

a +0 short sword; 2 stones You see here a ball python corpse.
c - a blue potion You sense a monster nearby.
Found a mace.
A kobold comes into view.
It is wielding a +1 dagger of protection.
Found an escape hatch in the floor.
The kobold shouts!
An endoplasm comes into view.
There are monsters nearby!
There are monsters nearby!
The endoplasm quivers.
The endoplasm barely misses you. The kobold misses you.
The endoplasm misses you. The kobold barely misses you.
The endoplasm closely misses you.
The kobold hits you with a +1 dagger of protection.
The kobold completely misses you. The endoplasm freezes you.
You are frozen.
The endoplasm closely misses you. The kobold closely misses you.
The endoplasm misses you. The kobold closely misses you.
The kobold closely misses you. The endoplasm barely misses you.
The endoplasm freezes you.
You are frozen.
The kobold hits you with a +1 dagger of protection.
The endoplasm hits you but does no damage.
The kobold hits you with a +1 dagger of protection.
The kobold completely misses you. The endoplasm hits you.
* * * LOW HITPOINT WARNING * * *
The endoplasm freezes you.
You are frozen.
* * * LOW HITPOINT WARNING * * *
The kobold closely misses you. The endoplasm freezes you.
You are frozen.
* * * LOW HITPOINT WARNING * * *
The kobold misses you.
The endoplasm hits you but does no damage.
The kobold hits you with a +1 dagger of protection.
You die...

#......†..
#####....# #
#####.#### >.##
#.....# ....
##.##### # #..##
#†)# #.. .).
##.###
#...#K######....#
#.....@.........#
......J######....#
...##.. ###### .
#.. ###


You could see an endoplasm and a kobold.

Vanquished Creatures
  A goblin (D:1)
  2 hobgoblins (D:1)
  A ball python (D:1)
  A frilled lizard (D:1)
  2 kobolds (D:1)
  2 rats (D:1)
9 creatures vanquished.

Notes
Turn   | Place    | Note
-------+----------+-------------------------------------------
     0 | D:1      | Hubjo the Demonspawn Transmuter began the quest for the
                  | Orb.
     0 | D:1      | Reached XP level 1. HP: 15/15 MP: 3/3
   168 | D:1      | Lost mutation: You have a pair of horns on your head.
                  | [demonic ancestry]
   168 | D:1      | Lost mutation: You have a pair of small horns on your head.
                  | [demonic ancestry]
   168 | D:1      | Gained mutation: You have a pair of small antennae on your
                  | head. [demonic ancestry]
   168 | D:1      | Reached XP level 2. HP: 11/21 MP: 3/5
   326 | D:1      | Slain by a kobold

Illustrated notes

Levels and vault maps discovered:
D:1:      minmay_arrival_nine_rooms, layout_rooms, minmay_tetromino_l2

Action                   || total
-------------------------++-------
Melee: Unarmed           ||    13
       Kick              ||     2
       Headbutt          ||     1
 Cast: Beastly Appendage ||     4
Armor: Robe              ||     4
Dodge: Dodged            ||    27

Table legend: (Time is in decaauts)
 A = Elapsed time spent in this place.
 B = Non-inter-level travel time spent in this place.
 C = Inter-level travel time spent in this place.
 D = Time resting spent in this place.
 E = Time spent auto-exploring this place.
 F = Levels seen in this place.
 G = Mean time per level.
                   A        B        C        D        E       F      G
               +--------+--------+--------+--------+--------+-----+--------+
         Total |    325 |    325 |      0 |      0 |    274 |   1 |  325.0 |
       Dungeon |    325 |    325 |      0 |      0 |    274 |   1 |  325.0 |
               +--------+--------+--------+--------+--------+-----+--------+

Top non-repeatable levels by time:
     D:1: 325 daAuts
